 Dungeon Sprint DCSS version 0.21.1-1-g345015f (webtiles) character file.

7165 wilfster70 the Carver (level 10, -3/90 HPs)
             Began as a Demonspawn Berserker on June 21, 2018.
             Was a High Priest of Trog.
             Slain by a 12-headed hydra (12 damage)
             ... in the Dungeon (Sprint I: "Red Sonja").
             The game lasted 00:06:16 (1501 turns).

wilfster70 the Carver (Demonspawn Berserker)        Turns: 1501, Time: 00:06:17

Health: -3/90      AC: 24    Str: 17    XL:     10   Next: 86%
Magic:  3/3        EV: 20    Int:  8    God:    Trog [*****.]
Gold:   756        SH:  0    Dex: 17    Spells: 9/9 levels left

rFire    + . .     SeeInvis .   e - +1 great sword (antimagic)
rCold    + . .     Gourm    .   (shield currently unavailable)
rNeg     . . .     Faith    .   k - +2 leather armour {rF+}
rPois    .         Spirit   .   m - +2 hat
rElec    .         Reflect  .   n - +2 cloak
rCorr    .         Harm     .   (no gloves)
MR       .....     NoTele   +   (no boots)
Stlth    +.........             (no amulet)
HPRegen  0.25/turn              (no ring)
MPRegen  0.08/turn              (no ring)

@: no status effects
A: talons 2, yellow scales 1, cold resistance 1, icemail, rot immunity, freezing
cloud immunity
a: Berserk, Trog's Hand, Brothers in Arms, Burn Spellbooks, Renounce Religion


You were in the Dungeon.
You worshipped Trog.
Trog was extremely pleased with you.
You were hungry.

You visited 1 branch You collected 906 gold pieces.
You spent 150 gold pieces at shops.

Inventory:

Hand Weapons
 a - a +0 falchion
 e - a +1 antimagic great sword (weapon)
Armour
 k - a +2 leather armour of fire resistance (worn)
 m - a +2 hat (worn)
 n - a +2 cloak (worn)
Wands
 j - a wand of digging (14)
Scrolls
 i - a scroll of blinking
 l - 3 scrolls of enchant armour
 o - a scroll of remove curse {unknown}
Potions
 b - a potion of flight {unknown}
 d - 2 potions of curing
 f - a potion of haste
 g - 2 potions of magic
 h - a potion of berserk rage
Comestibles
 c - a ration
 p - 8 chunks of flesh


   Skills:
 + Level 12.3 Fighting
 + Level 14.6 Long Blades
 + Level 11.2 Armour
 + Level 11.2 Dodging


You had 9 spell levels left.
You didn't know any spells.

Dungeon Overview and Level Annotations

Branches:
Dungeon (1/1)

Altars:
Cheibriados
Dithmenos
Elyvilon
Fedhas
Gozag
Hepliaklqana
Kikubaaqudgha
Makhleb
Nemelex Xobeh
Okawaru
Qazlal
Ru
Sif Muna
Trog
Uskayaw
Vehumet
Wu Jian
Xom
Yredelemnul
Zin
The Shining One
Jiyva
Lugonu

Shops:
D %[


Innate Abilities, Weirdness & Mutations

You have razor-sharp toenails.
You are partially covered in yellow scales. (AC +2)
Your flesh is cold resistant. (rC+)
A meltable icy envelope protects you from harm. (AC +10)
You are immune to rotting.
You are immune to freezing clouds.


Message History

The floating eye pulsates ominously.
You can move again.
Your troll bites the floating eye!!
The floating eye dies!
Trog accepts your kill.
Your ogre hits the 12-headed hydra with a giant spiked club!!
You're too hungry.
Eat one of 9 chunks of flesh? (ye/n/q)
You eat one of the 9 chunks of flesh.
This raw flesh tastes terrible.
You are feeling hungry.
Your ogre barely misses the 12-headed hydra.
The 12-headed hydra bites you but does no damage.
The 12-headed hydra bites you!
* * * LOW HITPOINT WARNING * * *
The 12-headed hydra barely misses you.
The 12-headed hydra completely misses you. x2
The 12-headed hydra closely misses you. The 12-headed hydra barely misses you.
The 12-headed hydra completely misses you. x2
The 12-headed hydra misses you. The 12-headed hydra bites you!
You die...

########################
.')..#..#§..)§§§@D§§§§$#
.#).†##§#§####§§§OT##§.+
##...'§§#.# ##§§§## ##
§#####§§'.# ###+#
§#..##+#### .+..# .#..#
###'### ..#.'.#


You could see a 12-headed hydra, a friendly troll (berserk) and a friendly ogre
(berserk).

Vanquished Creatures
  2 centaur warriors (D)
  A deep troll (D)
  A lindwurm (D)
  An oklob plant (D)
  2 kobold demonologists (D)
  3 demonic crawlers (D)
  A hornet (D)
  A slime creature (D)
  Sigmund (D)
  A yak (D)
  2 redbacks (D)
  13 hogs (D)
  2 floating eyes (D)
  An ogre (D)
  A jelly (D)
  Ijyb (D)
34 creatures vanquished.

Vanquished Creatures (collateral kills)
  A demonic crawler (D)
  A floating eye (D)
2 creatures vanquished.

Grand Total: 36 creatures vanquished

Notes
Turn   | Place    | Note
-------+----------+-------------------------------------------
     0 | D        | wilfster70 the Demonspawn Berserker began the quest for the Orb.
     0 | D        | Reached XP level 1. HP: 18/18 MP: 1/1
     1 | D        | Noticed Ijyb
     6 | D        | Killed Ijyb
     6 | D        | Reached skill level 4 in Long Blades
     6 | D        | Gained mutation: You are immune to rotting. [demonic ancestry]
     6 | D        | Reached XP level 2. HP: 25/25 MP: 2/2
    53 | D        | Noticed an ogre
    58 | D        | Killed an ogre
    58 | D        | Reached skill level 5 in Fighting
    58 | D        | Reached skill level 5 in Long Blades
    58 | D        | Gained mutation: You have sharp toenails. [demonic ancestry]
    58 | D        | Reached XP level 3. HP: 16/33 MP: 3/3
    58 | D        | Gained mutation: You are partially covered in yellow scales. (AC +2) [demonic ancestry]
    58 | D        | Reached XP level 4. HP: 19/39 MP: 4/4
   250 | D        | Noticed Sigmund
   256 | D        | Killed Sigmund
   256 | D        | Reached ** piety under Trog
   256 | D        | Reached skill level 7 in Long Blades
   256 | D        | Reached skill level 5 in Armour
   256 | D        | Reached skill level 5 in Dodging
   256 | D        | Reached XP level 5. HP: 46/46 MP: 5/5
   307 | D        | Found an ornate altar of the Wu Jian Council.
   307 | D        | Found a deep blue altar of Sif Muna.
   309 | D        | Found a radiant altar of Vehumet.
   311 | D        | Found a viscous altar of Jiyva.
   311 | D        | Found a corrupted altar of Lugonu.
   311 | D        | Noticed a slime creature
   312 | D        | Found a burning altar of Makhleb.
   312 | D        | Found a shimmering altar of Xom.
   315 | D        | Gained mutation: Your flesh is cold resistant. (rC+) [demonic ancestry]
   315 | D        | Reached XP level 6. HP: 53/53 MP: 6/6
   318 | D        | Killed a slime creature
   318 | D        | Reached skill level 9 in Long Blades
   351 | D        | Found Noilua's Food Emporium.
   351 | D        | Found an ancient bone altar of Kikubaaqudgha.
   351 | D        | Found a hazy altar of Hepliaklqana.
   351 | D        | Found a stormy altar of Qazlal.
   351 | D        | Found a hide-covered altar of Uskayaw.
   351 | D        | Found a blossoming altar of Fedhas.
   351 | D        | Found a bloodstained altar of Trog.
   351 | D        | Found an iron altar of Okawaru.
   351 | D        | Found a basalt altar of Yredelemnul.
   351 | D        | Found a glowing golden altar of the Shining One.
   351 | D        | Found a snail-covered altar of Cheibriados.
   351 | D        | Found a sacrificial altar of Ru.
   351 | D        | Found a glowing silver altar of Zin.
   351 | D        | Found a shadowy altar of Dithmenos.
   351 | D        | Found a white marble altar of Elyvilon.
   351 | D        | Noticed a yak
   356 | D        | Killed a yak
   356 | D        | Reached *** piety under Trog
   356 | D        | Reached XP level 7. HP: 61/61 MP: 7/7
   357 | D        | Found an opulent altar of Gozag.
   358 | D        | Found a sparkling altar of Nemelex Xobeh.
   362 | D        | Bought a ration for 50 gold pieces
   362 | D        | Bought a ration for 50 gold pieces
   362 | D        | Bought a ration for 50 gold pieces
   420 | D        | Noticed a centaur warrior
   420 | D        | Noticed a centaur warrior
   434 | D        | Found Laanud's Armour Emporium.
   447 | D        | Noticed a deep troll
   455 | D        | Killed a deep troll
   455 | D        | Reached skill level 10 in Long Blades
   455 | D        | Gained mutation: You have razor-sharp toenails. [demonic ancestry]
   455 | D        | Reached XP level 8. HP: 67/69 MP: 8/8
   566 | D        | Killed a centaur warrior
   566 | D        | Reached skill level 11 in Long Blades
   570 | D        | Killed a centaur warrior
   570 | D        | Reached **** piety under Trog
   570 | D        | Reached skill level 10 in Fighting
   570 | D        | Reached skill level 12 in Long Blades
   570 | D        | Gained mutation: You are immune to freezing clouds. [demonic ancestry]
   570 | D        | Reached XP level 9. HP: 41/78 MP: 9/9
   837 | D        | Noticed an oklob plant
   842 | D        | Killed an oklob plant
   852 | D        | Reached skill level 13 in Long Blades
  1110 | D        | Paralysed by a floating eye for 4 turns
  1165 | D        | Noticed a kobold demonologist
  1167 | D        | Noticed a kobold demonologist
  1171 | D        | Paralysed by a floating eye for 2 turns
  1175 | D        | Killed a kobold demonologist
  1181 | D        | Killed a kobold demonologist
  1181 | D        | Reached ***** piety under Trog
  1181 | D        | Reached skill level 10 in Armour
  1181 | D        | Reached skill level 10 in Dodging
  1181 | D        | Gained mutation: A meltable icy envelope protects you from harm. (AC +10) [demonic ancestry]
  1181 | D        | Reached XP level 10. HP: 87/87 MP: 10/10
  1238 | D        | Received a gift from Trog
  1238 | D        | Reached skill level 14 in Long Blades
  1269 | D        | Noticed a lindwurm
  1276 | D        | Killed a lindwurm
  1447 | D        | Received a gift from Trog
  1474 | D        | Received a gift from Trog
  1494 | D        | Noticed a 12-headed hydra
  1498 | D        | Paralysed by a floating eye for 2 turns
  1501 | D        | Slain by a 12-headed hydra

Skill      XL: |  1  2  3  4  5  6  7  8  9 10 |
---------------+-------------------------------+-----
Long Blades    | 4 5 7 9 10 12 13 14 | 14.6
Armour         | 2 4 5 6 7 9 10 11 | 11.2
Dodging        | 2 4 5 6 7 9 10 11 | 11.2
Fighting       | 5 6 7 8 10 11 12 | 12.3

Action                   |  1- 3 |  4- 6 |  7- 9 | 10-12 || total
-------------------------+-------+-------+-------+-------++-------
Melee: Falchion          |     8 |    13 |    51 |    15 ||    87
       Kick              |       |     5 |    28 |    40 ||    73
       Great sword       |       |       |       |    48 ||    48
Invok: Berserk           |     2 |     3 |     5 |     1 ||    11
       Trog's Hand       |       |       |     2 |       ||     2
       Brothers in Arms  |       |       |       |     3 ||     3
Evoke: Wand              |       |       |     1 |       ||     1
  Use: Potion            |       |       |     1 |       ||     1
       Scroll            |       |       |       |     1 ||     1
  Eat: Chunk             |       |     1 |     1 |     1 ||     3
       Ration            |       |       |     2 |     1 ||     3
Armor: Animal skin       |     1 |       |       |       ||     1
       Leather armour    |       |     3 |    11 |    28 ||    42
Dodge: Dodged            |     1 |     3 |    32 |    97 ||   133
       Rpst.: Falchion   |       |     1 |     8 |     6 ||    15
       Great sword       |       |       |       |    12 ||    12
